 Dungeon Crawl Stone Soup version 0.25.1-2-g60ff931df9 (webtiles) character file.

Game seed: 8424723284149977249

154 MisterFreud the Chiller (level 5, -2/35 HPs)
             Began as a Demonspawn Ice Elementalist on Sept 23, 2020.
             Killed from afar by Natasha (5 damage)
             ... with a magic dart
             ... on level 2 of the Dungeon.
             The game lasted 00:02:59 (2235 turns).

MisterFreud the Chiller (DsIE)                      Turns: 2235, Time: 00:03:00

Health: -2/35      AC:  2    Str:  8    XL:     5   Next: 13%
Magic:  0/8        EV: 14    Int: 18    God:
Gold:   108        SH:  0    Dex: 13    Spells: 4/8 levels left

rFire    . . .     SeeInvis .   e - +3 dagger
rCold    . . .     Gourm    .   (no shield)
rNeg     . . .     Faith    .   a - +0 robe
rPois    .         Spirit   +   (no helmet)
rElec    .         Reflect  .   (no cloak)
rCorr    .         Harm     .   (no gloves)
MR       .....                  (no boots)
Stlth    ++........             j - amulet of guardian spirit
HPRegen  0.11/turn              (no ring)
MPRegen  0.11/turn              (no ring)

@: no status effects
A: hooves 2, repulsion field 1, rot immunity
a: no special abilities


You were on level 2 of the Dungeon.
You were not hungry.

You visited 1 branch of the dungeon, and saw 2 of its levels.

You collected 108 gold pieces.

Inventory:

Hand Weapons
 e - a +3 dagger (weapon)
Armour
 a - a +0 robe (worn)
Jewellery
 j - an amulet of guardian spirit (around neck)
Scrolls
 b - a scroll of amnesia {unknown}
 f - a scroll of enchant armour {unknown}
Potions
 d - a potion of berserk rage {unknown}
 g - a potion of curing {unknown}
 h - a potion of degeneration {unknown}
Comestibles
 c - 8 chunks of flesh
 i - a ration


   Skills:
 - Level 1.7 Dodging
 - Level 1.7 Stealth
 - Level 2.0 Spellcasting
 + Level 5.9 Ice Magic


You had 4 spell levels left.
You knew the following spells:

 Your Spells              Type           Power        Failure   Level  Hunger
a - Freeze                Ice            ###.         1%          1    #......
b - Frozen Ramparts       Ice            ###...       4%          3    ###....

Your spell library contained the following spells:

 Spells                   Type           Power        Failure   Level  Hunger
 Ozocubu's Armour         Chrm/Ice       ##......     16%         3    ###....
 Hailstorm                Conj/Ice       ##......     47%         4    #####..
 Summon Ice Beast         Ice/Summ       ##......     47%         4    #####..


Dungeon Overview and Level Annotations

Branches:
Dungeon (2/15)

Altars:

Annotations:
D:2 Natasha


Innate Abilities, Weirdness & Mutations

You have hoof-like feet.
You are surrounded by a mild repulsion field. (EV +2)
You are immune to rotting.


Message History

Natasha is lightly wounded.
Natasha barely misses you.
Natasha zaps a wand.
The puff of flame hits you!
* * * LOW HITPOINT WARNING * * *
The white imp hits you.
* * * LOW HITPOINT WARNING * * *
The white imp freezes you.
* * * LOW HITPOINT WARNING * * *
Unknown command.
Unknown command.
Natasha wildly gestures.
You feel disoriented. Natasha closely misses you.
The white imp sputters.
Natasha mumbles some strange words.
Natasha misses you.
The white imp shouts, "Flee, thou horrid fool-headed bugbear!"
The iron imp closely misses you. Natasha barely misses you.
Natasha casts a spell at you. The magic dart hits you.
You die...

..............# .......
..............# ..>....
.....#. ..............##
....... ... #.
...............# ..........
#. ...............#
.......... #.
...#####.......# ).........
.. ...# #...†...#
.........####### ...#
##.......##.........#......
...# #......55h@...#
#.#.##### ...#
#.###########.#####.#.###
...# #. ............# ####
#h ...#####.#.#.# #.
.........#.#.#
....####.#.#.# . #<...#.#.#
#....#.#.# ######.#.#


You could see an iron imp (summoned), Natasha (fast) and a white imp (summoned).

Vanquished Creatures
  Natasha (twice) (D:2)
  An iguana (D:2)
  4 adders (D:2)
  3 dart slugs
  A leopard gecko (D:1)
  A ball python (D:2)
  4 bats
  3 giant cockroaches (D:1)
  4 goblins (D:1)
  6 hobgoblins
  5 frilled lizards (D:1)
  7 kobolds (D:1)
  A rat (D:2)
42 creatures vanquished.

Notes
Turn   | Place    | Note
-------+----------+-------------------------------------------
     0 | D:1      | MisterFreud the Demonspawn Ice Elementalist began the quest
                  | for the Orb.
     0 | D:1      | Reached XP level 1. HP: 13/13 MP: 3/3
   141 | D:1      | Reached skill level 4 in Ice Magic
   185 | D:1      | Gained mutation: You have large cloven feet. [demonic
                  | ancestry]
   185 | D:1      | Reached XP level 2. HP: 16/19 MP: 3/5
   939 | D:1      | Gained mutation: You are immune to rotting. [demonic
                  | ancestry]
   939 | D:1      | Reached XP level 3. HP: 24/24 MP: 6/6
  1452 | D:2      | Reached skill level 5 in Ice Magic
  1679 | D:2      | Learned a level 3 spell: Frozen Ramparts
  1704 | D:2      | Gained mutation: You are surrounded by a mild repulsion
                  | field. (EV +2) [demonic ancestry]
  1704 | D:2      | Reached XP level 4. HP: 30/30 MP: 0/7
  1816 | D:2      | Noticed Natasha
  1823 | D:2      | Killed Natasha
  1831 | D:2      | Noticed Natasha
  1839 | D:2      | Killed Natasha
  1839 | D:2      | Gained mutation: You have hoof-like feet. [demonic
                  | ancestry]
  1839 | D:2      | Reached XP level 5. HP: 5/35 MP: 3/8
  2223 | D:2      | Noticed Natasha
  2235 | D:2      | Killed from afar by Natasha

Illustrated notes

Levels and vault maps discovered:
D:1:      dpeg_arrival_tiny_c, layout_basic, chequers_mini_garden,
          minmay_fountain_box, chequers_arboretum
D:2:      layout_basic, xom_redecorated, uniq_natasha

Skill      XL: |  1  2  3 |
---------------+----------+-----
Ice Magic      | 4 5 |  5.9
Dodging        | |  1.7
Stealth        | |  1.7
Spellcasting   | |  2.0

Action                   |  1- 3 |  4- 6 || total
-------------------------+-------+-------++-------
Melee: Short sword       |    11 |       ||    11
       Dagger            |    21 |     6 ||    27
       Kick              |     3 |     2 ||     5
 Cast: Freeze            |    39 |     8 ||    47
       Frozen Ramparts   |     1 |       ||     1
 Stab: Sleeping          |     2 |       ||     2
  Eat: Chunk             |     2 |       ||     2
       Ration            |       |     1 ||     1
Armor: Robe              |     5 |       ||     5
Dodge: Dodged            |    40 |    15 ||    55
